 Dungeon Crawl Stone Soup version 0.23.2-33-g5129a83184 (webtiles) character file.

Game seed: 13894771036325476556

171 Joat the Shield-Bearer (level 5, -2/41 HPs)
             Began as a Demonspawn Fighter on July 3, 2019.
             Killed by divine providence
             ... invoked by an orc priest
              (12 damage)
             ... on level 3 of the Dungeon.
             The game lasted 00:06:36 (1996 turns).

Joat the Shield-Bearer (Demonspawn Fighter)         Turns: 1996, Time: 00:06:37

Health: -2/41      AC: 11    Str: 17    XL:     5   Next: 26%
Magic:  5/5        EV:  3    Int: 10    God:
Gold:   95         SH:  9    Dex: 12    Spells: 4/4 levels left

rFire    + . .     SeeInvis .   a - +0 dagger (venom)
rCold    + + .     Gourm    .   c - +0 shield
rNeg     . . .     Faith    .   m - +0 plate armour
rPois    .         Spirit   .   (no helmet)
rElec    .         Reflect  .   o - scarf {rC+ rF+}
rCorr    .         Harm     .   (no gloves)
MR       .....                  (no boots)
Stlth    ..........             (no amulet)
HPRegen  0.13/turn              h - ring of protection from cold
MPRegen  0.09/turn              (no ring)

@: no status effects
A: claws 2, powered by pain 1
a: no special abilities


You were on level 3 of the Dungeon.
You were not hungry.

You visited 1 branch of the dungeon, and saw 4 of its levels.

You collected 95 gold pieces.

Inventory:

Hand Weapons
 a - a +0 dagger of venom (weapon)
 b - a +0 dagger of draining
 i - a +0 war axe
Armour
 c - a +0 shield (worn)
 g - a +0 robe
 m - a +0 plate armour (worn)
 o - a scarf of resistance (worn)
Jewellery
 h - a ring of protection from cold (left claw)
 t - the ring of Unyt Jusiel {Ice Str+10 Int-5}
   (You found it on level 4 of the Dungeon)

   [ring of ice]

   It enhances your ice magic.
   It affects your strength (+10).
   It affects your intelligence (-5).
   It makes you vulnerable to fire.
   It protects you from cold.
Scrolls
 d - 2 scrolls of identify {unknown}
 e - 2 scrolls of remove curse {unknown}
 n - a scroll of amnesia {unknown}
 r - a scroll of fear {unknown}
 s - a scroll of enchant armour {unknown}
 u - a scroll of enchant weapon {unknown}
Potions
 j - a potion of heal wounds {unknown}
 l - 4 potions of curing {unknown}
 p - 2 potions of lignification {unknown}
 q - a potion of magic {unknown}
Comestibles
 f - 7 rations
 k - 6 chunks of flesh


   Skills:
 - Level 3.0 Fighting
 + Level 1.1 Short Blades
 - Level 1.8 Axes
 - Level 2.7 Armour
 + Level 5.2 Shields


You had 4 spell levels left.
You didn't know any spells.
Your spell library was empty.

Dungeon Overview and Level Annotations

Branches:
Dungeon (4/15)
 Temple: D:4-7

Altars:


Innate Abilities, Weirdness & Mutations

You have very sharp fingernails.
You sometimes gain a little power by taking damage.


Message History

a +0 club; an orc corpse You butcher the orc corpse.
k - 6 chunks of flesh (gained 3)
Things that are here:
a +0 club; an orc skeleton You start resting.
An orc comes into view. It is wielding a +0 club.
You start resting.
The orc is too close now for your liking.
An orc comes into view. It is wielding a +0 mace.
The orc shouts! x2
The orc priest calls down the wrath of Beogh upon you.
Beogh smites you!
* * * LOW HITPOINT WARNING * * *
The orc hits you but does no damage.
You open the door.
There is an open door here.
The orc priest calls down the wrath of Beogh upon you.
Beogh smites you!
You die...

####.########...#...##.#
# ##o#######.### ## #.#
#.....# .. #o# #.###.##
#. ##'## #.# #..# #.
##...## #.###..#
#.##o....###......#
#.#o......######..#
#.@...)....####)..#
............>...'.......
....##..........##......
... ..#......)###.##..#
. #####.....## #.###.#
##...## #.# .# ##+## #.#
.. #.# ## #.#


You could see an orc priest and 2 orcs.

Vanquished Creatures
  A centaur skeleton (D:4)
  An orc priest (D:3)
  An orc wizard (D:3)
  A gnoll (D:1)
  2 adders
  An ooze (D:1)
  A worm (D:2)
  A dart slug (D:2)
  3 leopard geckos
  A giant cockroach (D:4)
  7 goblins
  8 hobgoblins
  2 jackals (D:1)
  A quokka (D:2)
  8 bats
  2 frilled lizards
  4 kobolds
  5 rats
50 creatures vanquished.

Notes
Turn   | Place    | Note
-------+----------+-------------------------------------------
     0 | D:1      | Joat the Demonspawn Fighter began the quest for the Orb.
     0 | D:1      | Reached XP level 1. HP: 18/18 MP: 1/1
    69 | D:1      | Reached skill level 3 in Shields
    69 | D:1      | Gained mutation: You sometimes gain a little power by
                  | taking damage. [demonic ancestry]
    69 | D:1      | Reached XP level 2. HP: 3/24 MP: 2/2
  1002 | D:1      | Reached XP level 3. HP: 28/29 MP: 3/3
  1178 | D:1      | Reached skill level 4 in Shields
  1735 | D:2      | Gained mutation: You have sharp fingernails. [demonic
                  | ancestry]
  1735 | D:2      | Reached XP level 4. HP: 27/35 MP: 4/4
  1759 | D:2      | You fall through a shaft for 2 floors!
  1844 | D:4      | Got a sparkling gossamer ring
  1845 | D:4      | Identified the ring of Unyt Jusiel {Ice Str+10 Int-5} (You
                  | found it on level 4 of the Dungeon)
  1866 | D:3      | Reached skill level 5 in Shields
  1922 | D:3      | Gained mutation: You have very sharp fingernails. [demonic
                  | ancestry]
  1922 | D:3      | Reached XP level 5. HP: 37/41 MP: 5/5
  1962 | D:3      | Reached skill level 1 in Short Blades
  1996 | D:3      | Killed from afar by an orc priest

Skill      XL: |  1  2  3  4  5 |
---------------+----------------+-----
Shields        | 3 4 5 |  5.2
Short Blades   | 1 |  1.1
Fighting       | |  3.0
Axes           | |  1.8
Armour         | |  2.7

Action                   |  1- 3 |  4- 6 || total
-------------------------+-------+-------++-------
Melee: War axe           |    33 |       ||    33
       Dagger            |    96 |    63 ||   159
  Use: Potion            |     1 |       ||     1
  Eat: Chunk             |     3 |     1 ||     4
Armor: Scale mail        |    24 |       ||    24
       Plate armour      |    54 |    36 ||    90
Dodge: Dodged            |    20 |     6 ||    26
Block: Shield            |    51 |    22 ||    73
